 Dungeon Crawl Stone Soup version 0.31.0-9-g3a7656b989 (webtiles) character file.

Game seed: 3230855419806499170

2444 Eitelfritz the Carver (level 9, -7/67 HPs)
             Began as a Minotaur Gladiator on Feb 4, 2024.
             Was a Follower of Hepliaklqana.
             Shot with an arrow by a centaur (9 damage)
             ... on level 7 of the Dungeon.
             The game lasted 00:10:39 (6273 turns).

Eitelfritz the Carver (Minotaur Gladiator)          Turns: 6273, Time: 00:10:42

Health: -7/67      AC: 14    Str: 18    XL:     9   Next: 25%
Magic:  8/8        EV: 12    Int:  9    God:    Hepliaklqana [*.....]
Gold:   434        SH:  5    Dex: 13    Spells: 8/8 levels left

rFire   . . .        b - +0 shortbow
rCold   + . .        (shield currently unavailable)
rNeg    . . .        A - +1 ring mail of Leapfrog {+Inv Int+2}
rPois   +            c - +0 hat
rElec   .            x - +2 cloak {rPois}
rCorr   .            (no gloves)
SInv    +            y - +2 pair of boots
Will    ++...        h - amulet of reflection
Stlth   +            o - ring of Daisies {rPois rC+ Will++ Int-2 SInv}
HPRegen 0.31/turn    (no ring)
MPRegen 0.11/turn

%: reflection
@: no status effects
A: reduced essence, horns 2, retaliatory headbutt
a: Renounce Religion, Evoke Invisibility, Recall Ancestor, Ancestor Identity


You were on level 7 of the Dungeon.
You worshipped Hepliaklqana.
Hepliaklqana was aware of your devotion.
You visited 2 branches of the dungeon, and saw 8 of its levels.

You collected 434 gold pieces.

Inventory:

Hand Weapons
 a - a +1 long sword of chaos
 b - a +0 shortbow (weapon)
Missiles
 d - 3 throwing nets
 e - a javelin
 w - 3 atropa-tipped darts
 B - 7 poisoned darts
Armour
 c - a +0 hat (worn)
 g - a +0 buckler
 i - a scarf of shadows
 x - a +2 cloak of poison resistance (worn)
 y - a +2 pair of boots (worn)
 A - the +1 ring mail of Leapfrog (worn) {+Inv Int+2}
   (You took it off an orc on level 4 of the Dungeon)

   Int+2:     It affects your intelligence (+2).
   +Inv:      It lets you turn invisible.
Jewellery
 f - a ring of wizardry
 h - an amulet of reflection (around neck)
 o - the ring of Daisies (left hand) {rPois rC+ Will++ Int-2 SInv}
   (You found it on level 4 of the Dungeon)

   [ring of protection from cold]

   Int-2:     It affects your intelligence (-2).
   rC+:       It protects you from cold.
   rPois:     It protects you from poison Will++: It greatly increases your
   willpower.
   SInv:      It lets you see invisible.
 u - the amulet "Yscheugary" {RegenMP rF+ Slay+5}
   (You found it on level 3 of the Dungeon)

   [amulet of magic regeneration]

   RegenMP:   It increases your rate of magic regeneration.
   Slay+5:    It affects your accuracy & damage with ranged weapons and melee
   (+5).
   rF+:       It protects you from fire.
Wands
 p - a wand of polymorph (9)
Scrolls
 j - 2 scrolls of fog
 l - a scroll of amnesia
Potions
 k - a potion of haste
 m - a potion of brilliance {unknown}
 n - 4 potions of curing
 q - a potion of heal wounds
 r - a potion of ambrosia
 s - a potion of resistance {unknown}
 t - 2 potions of attraction
 z - a potion of lignification {unknown}
 C - a potion of cancellation {unknown}


   Skills:
 + Level 6.2 Fighting
 + Level 11.3 Long Blades
 + Level 0.4 Ranged Weapons
 + Level 2.0 Throwing
 + Level 6.4 Armour
 + Level 5.0 Dodging
 + Level 1.5 Stealth
 + Level 1.9 Shields


You had 8 spell levels left.
You didn't know any spells.
Your spell library contained the following spells:

 Spells                   Type           Power      Damage    Failure   Level
 Apportation              Tloc           0%         N/A       56%         1
 Necrotise                Necr           0%         1d4       56%         1
 Sting                    Conj/Alch      0%         1d3       56%         1
 Summon Small Mammal      Summ           0%         N/A       56%         1
 Lesser Beckoning         Tloc           0%         N/A       71%         2
 Call Canine Familiar     Summ           0%         N/A       90%         3
 Gell's Gravitas          Tloc           0%         N/A       90%         3
 Sigil of Binding         Hex            0%         N/A       90%         3
 Teleport Other           Tloc           0%         N/A       90%         3
 Dimensional Bullseye     Hex/Tloc       0%         N/A       100%        4


Dungeon Overview and Level Annotations

Branches:
Dungeon (7/15)             Temple (1/1) D:5

Altars:
Ashenzari
Cheibriados
Dithmenos
Fedhas
Gozag
Hepliaklqana
Kikubaaqudgha
Makhleb
Nemelex Xobeh
Okawaru
Qazlal
Ru
Sif Muna
Trog
Uskayaw
Xom
Yredelemnul
Zin
The Shining One


Innate Abilities, Weirdness & Mutations

Your life essence is reduced to manifest your ancestor. (-10% HP)
You have a pair of horns on your head.
You reflexively headbutt those who attack you in melee.


Message History

Press: ? - help, Q - select action, (/) - cycle Shift-Dir - straight line, f/p - centaur
Aim: a centaur, wielding a +0 orcbow (severely wounded, ally target, 71% to hit)
You shoot an arrow.
The arrow hits the centaur but does no damage.
The centaur is severely wounded.
The centaur shoots an arrow.
The arrow hits you but does no damage.
The centaur shoots an arrow.
You block the arrow with an invisible shield... and reflect it back!
The arrow hits the centaur!
You kill the centaur!
The centaur shoots an arrow.
The arrow hits you but does no damage.
The centaur shoots an arrow.
The arrow misses you.
The centaur shoots an arrow.
The arrow hits you but does no damage.
The centaur shoots an arrow.
The arrow misses you.
The centaur shoots an arrow.
The arrow hits you.
Unknown command.
Fire: b) +0 shortbow
Press: ? - help, Q - select action, (/) - cycle Shift-Dir - straight line, f/p - centaur
Aim: a centaur, wielding a +0 orcbow (severely wounded, ally target, 71% to hit)
You shoot an arrow.
The arrow hits the centaur but does no damage.
The centaur is severely wounded.
The centaur shoots an arrow.
The arrow completely misses you.
The centaur shoots an arrow.
The arrow hits you!
* * * LOW HITPOINT WARNING * * *
The centaur shoots an arrow.
The arrow closely misses you.
The centaur shoots an arrow.
You block the arrow with an invisible shield... and reflect it back!
The arrow hits the centaur!
The centaur shoots an arrow.
The arrow misses you.
The centaur shoots an arrow.
The arrow hits you.
* * * LOW HITPOINT WARNING * * *
The centaur shoots an arrow.
The arrow hits you.
* * * LOW HITPOINT WARNING * * *
The centaur shoots an arrow.
The arrow closely misses you.
The centaur shoots an arrow.
You block the arrow with an invisible shield... and reflect it back!
The arrow hits the centaur!
The centaur shoots an arrow.
The arrow misses Sizwe.
The arrow hits you.
* * * LOW HITPOINT WARNING * * *
The centaur shoots an arrow.
The arrow hits you!
You die...

#.....# #......######...#####.#
#.###.####.#....................
#.# #...........................
#.###.####.##.#.................
#<....# #.#...#.#####...#####..
####### #.#.#.#)# #...# # #####
#.#...#.# ###...###
....#######.......# #..<....#
###.....≈≈≈≈##.#@## #.#...#.#
#.<..≈≈≈≈≈≈≈≈#..#.###.#...#.#
#.≈≈≈≈≈≈≈≈≈≈≈≈≈≈≈#........# #
≈≈≈≈≈≈≈≈≈≈≈≈≈≈≈≈≈≈≈≈#.##.##.#
≈≈≈≈≈≈..≈≈≈≈≈≈≈≈≈≈≈≈≈.......#
≈≈≈≈.ccc.c≈≈R≈≈≈≈≈≈≈≈#.#.####
≈≈≈...c.)cc≈≈≈≈≈≈≈≈≈≈#.#.#
≈≈≈.cc#'#.c≈≈≈≈≈≈≈≈≈≈....#
≈≈....#.#..≈≈≈≈≈≈≈≈≈.#....


You could see the friendly Sizwe the ancestor and 4 centaurs.

Vanquished Creatures
  Pikel (D:5)
  Jeremiah (D:6)
  Prince Ribbit (D:5)
  A wyvern (D:5)
  Menkaure (D:5)
  A sky beast (D:6)
  An ice beast (D:6)
  An orc warrior (D:4)
  3 lemures (D:5)
  2 centaurs (D:7)
  A phantom (D:6)
  4 scorpions
  2 bombardier beetles (D:4)
  Crazy Yiuf (D:3)
  4 hounds
  An orc priest (D:4)
  2 jellies
  An iguana (D:6)
  An orc wizard (D:4)
  5 adders
  A white imp (D:6)
  2 ufetubi (D:6)
  2 ribbon worms (D:3)
  15 orcs
  6 endoplasms
  A giant cockroach (D:4)
  2 goblins (D:1)
  3 hobgoblins
  2 quokkas
  7 ball pythons
  5 bats
  3 frilled lizards
  4 kobolds
  7 rats
95 creatures vanquished.

Vanquished Creatures (others)
  An ancestor (D:7)
1 creature vanquished.

Grand Total: 96 creatures vanquished

Notes
Turn   | Place    | Note
-------+----------+-------------------------------------------
     0 | D:1      | Eitelfritz the Minotaur Gladiator began the quest for the
                  | Orb.
     0 | D:1      | Reached XP level 1. HP: 18/18 MP: 0/0
   312 | D:1      | Reached XP level 2. HP: 25/25 MP: 1/1
   462 | D:1      | Reached skill level 4 in Long Blades
  1488 | D:3      | Reached XP level 3. HP: 30/30 MP: 2/2
  1587 | D:3      | Found a runed translucent door.
  1588 | D:3      | Noticed Crazy Yiuf
  1630 | D:3      | Reached skill level 1 in Armour
  1639 | D:3      | Identified the amulet "Yscheugary" {RegenMP rF+ Slay+5}
  2233 | D:3      | Killed Crazy Yiuf
  2234 | D:3      | Reached skill level 5 in Long Blades
  2234 | D:3      | Reached skill level 1 in Shields
  2234 | D:3      | Reached XP level 4. HP: 29/37 MP: 3/3
  2287 | D:4      | Noticed a scorpion
  2296 | D:4      | Killed a scorpion
  2297 | D:4      | Reached XP level 5. HP: 34/45 MP: 4/4
  2435 | D:4      | Identified the ring of Daisies {rPois rC+ Will++ Int-2
                  | SInv}
  2438 | D:4      | Identified the +1 ring mail of Leapfrog {+Inv Int+2}
  2444 | D:4      | Reached skill level 6 in Long Blades
  2448 | D:4      | Reached XP level 6. HP: 50/51 MP: 5/5
  2530 | D:4      | Noticed an orc warrior
  2543 | D:4      | Killed an orc warrior
  2697 | D:4      | Reached skill level 7 in Long Blades
  2769 | D:4      | Reached XP level 7. HP: 56/57 MP: 6/6
  3065 | D:5      | Entered Level 5 of the Dungeon
  3066 | D:5      | Noticed a wyvern
  3075 | D:5      | Killed a wyvern
  3229 | D:5      | Reached skill level 8 in Long Blades
  3257 | D:5      | Noticed Prince Ribbit
  3279 | D:5      | Killed Prince Ribbit
  3546 | D:5      | Found a snail-covered altar of Cheibriados.
  3546 | D:5      | Found an opulent altar of Gozag.
  3743 | D:5      | Found a staircase to the Ecumenical Temple.
  3750 | Temple   | Entered the Ecumenical Temple
  3764 | Temple   | Became a worshipper of Hepliaklqana the Forgotten
  3966 | D:5      | Noticed Pikel
  3983 | D:5      | Killed Pikel
  3984 | D:5      | Reached skill level 9 in Long Blades
  3984 | D:5      | Reached skill level 5 in Armour
  3984 | D:5      | Reached skill level 1 in Stealth
  3984 | D:5      | Reached XP level 8. HP: 34/67 MP: 7/7
  4114 | D:5      | Noticed Menkaure
  4125 | D:5      | Killed Menkaure
  4126 | D:5      | Reached skill level 5 in Fighting
  4126 | D:5      | Reached skill level 10 in Long Blades
  4619 | D:6      | Found an iron altar of Okawaru.
  4789 | D:6      | Reached * piety under Hepliaklqana
  5016 | D:6      | Noticed Jeremiah
  5064 | D:6      | Killed Jeremiah
  5065 | D:6      | Reached skill level 11 in Long Blades
  5065 | D:6      | Reached XP level 9. HP: 34/67 MP: 8/8
  6266 | D:7      | Reached skill level 5 in Dodging
  6273 | D:7      | HP: 2/67 [centaur/arrow (6)]
  6273 | D:7      | Shot with an arrow by a centaur

Illustrated notes

Levels and vault maps discovered:
D:1:      psy_arrival_heroes, layout_basic, minivault_26,
          ebering_dispersal_statue_hall, corner_web_ring
D:2:      layout_rooms, minmay_small_reverse_x
D:3:      layout_basic, uniq_crazy_yiuf_cottage
D:4:      layout_cave_pools, serial_column_ruins, column_ruins_hut_pillars,
          column_ruins_columns_straight, column_ruins_columns_dead_end,
          column_ruins_open_small, column_ruins_grid_3, column_ruins_open_tiny,
          guppyfry_early_orc_mine
D:5:      layout_basic, mainiacjoe_overflow_divided_tiny,
          minmay_temple_entry_statues_pillars, uniq_menkaure,
          uniq_prince_ribbit1, uniq_pikel
D:6:      cheibrodos_quashed, layout_cave_pods, mainiacjoe_overflow_alcove_2,
          uniq_jeremiah
D:7:      layout_loops_cross, serial_rivers, chequers_serial_rivers_micro_b,
          chequers_serial_rivers_micro_a, chequers_serial_rivers_micro_c,
          chequers_serial_rivers_small_a, centaur_isle
Temple:   lightli_temple_of_artemis

Skill      XL: |  1  2  3  4  5  6  7  8  9 |
---------------+----------------------------+-----
Long Blades    | 4 5 6 7 9 11 | 11.3
Armour         | 1 2 3 5 6 |  6.4
Shields        | 1 |  1.9
Fighting       | 3 4 5 6 |  6.2
Dodging        | 4 5 |  5.0
Stealth        | 1 |  1.5
Ranged Weapons | |  0.4
Throwing       | |  2.0

Action                     |  1- 3 |  4- 6 |  7- 9 || total
---------------------------+-------+-------+-------++-------
  Melee: Long sword        |    82 |    62 |   103 ||   247
         Headbutt          |     9 |     9 |    24 ||    42
         Punch             |     1 |     1 |       ||     2
   Fire: Shortbow          |       |       |    11 ||    11
    Use: Scroll            |       |       |    16 ||    16
 Armour: Leather armour    |     8 |       |       ||     8
         Ring mail         |     5 |    18 |   133 ||   156
         Scale mail        |    31 |    24 |       ||    55
  Dodge: Dodged            |    57 |    40 |   102 ||   199
  Block: Other             |    14 |       |    12 ||    26
         Reflection        |       |       |    12 ||    12
